 Dungeon Crawl Stone Soup version 0.31.0-9-g3a7656b989 (webtiles) character file.

Game seed: 15474595873921177294

71 ripuliukko the Digger (level 4, 0/24 HPs)
             Began as a Gargoyle Earth Elementalist on Feb 1, 2024.
             Splashed by Ijyb the jelly's acid (7 damage)
             ... on level 3 of the Dungeon.
             The game lasted 00:02:06 (2617 turns).

ripuliukko the Digger (Gargoyle Earth Elementalist) Turns: 2617, Time: 00:02:07

Health: 0/24       AC:  1    Str: 11    XL:     4   Next: 24%
Magic:  1/8        EV: 12    Int: 18    God:
Gold:   120        SH:  0    Dex: 10    Spells: 4/8 levels left

rFire   . . .        g - +0 whip
rCold   . . .        (no shield)
rNeg    + . .        a - +0 robe
rPois   ∞            (no helmet)
rElec   +            (no cloak)
rCorr   .            (no gloves)
SInv    .            (no boots)
Will    .....        (no amulet)
Stlth   ++           (no ring)
HPRegen 0.24/turn    (no ring)
MPRegen 0.11/turn

%: no passive effects
@: corroded
A: sickness immunity, AC +3, negative energy resistance 1, electricity
resistance, torment resistance 1, petrification resistance
a: no special abilities


You were on level 3 of the Dungeon.
You visited 1 branch of the dungeon, and saw 3 of its levels.

You collected 120 gold pieces.

Inventory:

Hand Weapons
 g - a +0 whip (weapon)
Armour
 a - a +0 robe (worn)
Wands
 f - a wand of polymorph (3)
Scrolls
 c - 4 scrolls of identify {unknown}
 i - a scroll of blinking {unknown}
 j - a scroll of fog {unknown}
 k - 2 scrolls of brand weapon {unknown}
 l - a scroll of poison {unknown}
 m - a scroll of summoning {unknown}
Potions
 b - a potion of magic
 d - a potion of degeneration {unknown}
 e - a potion of invisibility {unknown}
 h - a potion of heal wounds {unknown}


   Skills:
 + Level 0.1 Fighting
 - Level 1.7 Dodging
 + Level 2.3 Stealth
 + Level 0.8 Unarmed Combat
 + Level 2.9 Spellcasting
 + Level 1.1 Conjurations
 + Level 4.7 Earth Magic


You had 4 spell levels left.
You knew the following spells:

 Your Spells              Type           Power      Damage    Failure   Level
a - Sandblast             Erth           38%        2d10      2%          1
q - Stone Arrow           Conj/Erth      26%        3d8       16%         3

Your spell library contained the following spells:

 Spells                   Type           Power      Damage    Failure   Level
 Passwall                 Erth           19%        N/A       7%          3
 Sting                    Conj/Alch      16%        1d4       13%         1
 Lesser Beckoning         Tloc           4%         N/A       26%         2
 Mercury Vapours          Alch/Air       4%         N/A       26%         2
 Gell's Gravitas          Tloc           2%         N/A       45%         3
 Teleport Other           Tloc           2%         N/A       45%         3
 Brom's Barrelling Bould  Conj/Erth      13%        2d4       45%         4
 Petrify                  Alch/Erth      11%        N/A       52%         4
 Olgreb's Toxic Radiance  Alch           2%         N/A       86%         4
 Summon Forest            Summ/Tloc      1%         N/A       99%         5
 Eringya's Noxious Bog    Alch           1%         4d6       100%        6
 Summon Hydra             Summ           1%         N/A       100%        7


Dungeon Overview and Level Annotations

Branches:
Dungeon (3/15)

Altars:

Shops:
D:1 =

Annotations:
D:3 Ijyb


Innate Abilities, Weirdness & Mutations

You are immune to sickness and miasma.
Your stone body is resilient. (AC +3)
You are immune to poison.
You resist negative energy. (rN+)
You are resistant to electric shocks. (rElec)
You are resistant to unholy torment.
You are immune to petrification.


Message History

Casting: Sandblast (safe; 2% risk of failure)
Confirm with . or Enter, or press ? or * to list all spells.
Aiming: Stone Arrow (quite dangerous; 16% risk of failure)
Press: ? - help, Shift-Dir - straight line, f - Ijyb
Aim: Ijyb, wielding a +0 club, wearing a +0 chain mail and carrying a wand of roots (68% to hit)
The stone arrow hits Ijyb!
Ijyb is moderately wounded.
Unknown command.
Casting: Stone Arrow (quite dangerous; 16% risk of failure)
Confirm with . or Enter, or press ? or * to list all spells.
Aiming: Stone Arrow (quite dangerous; 16% risk of failure)
Press: ? - help, Shift-Dir - straight line, f/p - Ijyb
Aim: Ijyb, wielding a +0 club, wearing a +0 chain mail and carrying a wand of roots (moderately wounded, 68% to hit)
The stone arrow misses Ijyb.
Unknown command.
The blast of sand hits Ijyb.
Ijyb is moderately wounded.
Ijyb closely misses you.
The blast of sand misses Ijyb.
Ijyb hits you with a +0 club.
Aiming: Polymorph
Press: ? - help, Shift-Dir - straight line, f/p - Ijyb
Aim: Ijyb, wielding a +0 club, wearing a +0 chain mail and carrying a wand of roots (moderately wounded, will become a killer bee, a jelly, or a ball python, chance to affect: 57%) Ijyb resists with significant effort.
Ijyb hits you with a +0 club.
Unknown command.
Aiming: Polymorph
Press: ? - help, Shift-Dir - straight line, f/p - Ijyb
Aim: Ijyb, wielding a +0 club, wearing a +0 chain mail and carrying a wand of roots (moderately wounded, will become a killer bee, a jelly, or a ball python, chance to affect: 57%) Ijyb evaporates and reforms as a jelly!
Unknown command.
Okay, then.
You barely miss Ijyb.
Ijyb is heavily wounded.
Ijyb hits you. The acid corrodes you!
You are splashed with acid!
You hit Ijyb but do no damage.
Your hands burn!
Ijyb is heavily wounded.
Ijyb barely misses you. Ijyb hits you.
* * * LOW HITPOINT WARNING * * *
The acid corrodes you!
You are splashed with acid!
You die...

#$.....# #......# #.#
#......### ..# #....<...
######## ###......###
........ ........[..
.###############......###
.....####.......@J)......
........................>
......###............###.
####..#############..#
#.......# ..# #.#####.#
..# ####.# #.# .#
.....#####.########..#
######.)......<.......


You could see Ijyb the jelly.

Vanquished Creatures
  2 adders
  A dart slug (D:2)
  An orc (D:3)
  4 ball pythons
  5 endoplasms
  A giant cockroach (D:3)
  4 goblins
  5 hobgoblins
  5 jackals (D:1)
  7 kobolds
  5 bats
  2 frilled lizards (D:1)
  3 rats (D:1)
45 creatures vanquished.

Notes
Turn   | Place    | Note
-------+----------+-------------------------------------------
     0 | D:1      | ripuliukko the Gargoyle Earth Elementalist began the quest
                  | for the Orb.
     0 | D:1      | Reached XP level 1. HP: 10/10 MP: 3/3
    84 | D:1      | Reached XP level 2. HP: 8/15 MP: 0/5
   118 | D:1      | Reached skill level 4 in Earth Magic
   278 | D:1      | You fall into a shaft and drop 1 floor!
   641 | D:1      | Reached XP level 3. HP: 19/19 MP: 3/6
   708 | D:1      | Found Taudwet's Jewellery Boutique.
  1252 | D:1      | Learned a level 3 spell: Stone Arrow
  1430 | D:2      | Found a faded altar of an unknown god.
  1917 | D:2      | Reached XP level 4. HP: 24/24 MP: 6/8
  2221 | D:3      | Identified the scarf of Whack-A-Mole {harm, *Slow rCorr
                  | Str+5 Int+3}
  2607 | D:3      | Noticed Ijyb
  2614 | D:3      | Ijyb changed into Ijyb the jelly
  2614 | D:3      | Noticed Ijyb
  2617 | D:3      | Splashed by Ijyb the jelly's acid

Illustrated notes

Levels and vault maps discovered:
D:1:      ncdulo_lavacross, layout_basic, serial_shops, shop, nrook_campfire,
          palyth_stone_intersect, grunt_decor_mini_mirrors
D:2:      layout_basic, dreamdust_ecumenical_altar_grove
D:3:      layout_basic, uniq_ijyb, uniq_natasha

Skill      XL: |  1  2 |
---------------+-------+-----
Earth Magic    | 4 |  4.7
Fighting       | |  0.1
Dodging        | |  1.7
Stealth        | |  2.3
Unarmed Combat | |  0.8
Spellcasting   | |  2.9
Conjurations   | |  1.1

Action                     |  1- 3 |  4- 6 || total
---------------------------+-------+-------++-------
  Melee: Unarmed           |     2 |       ||     2
         Whip              |       |     2 ||     2
   Cast: Sandblast         |    52 |    11 ||    63
         Stone Arrow       |       |     2 ||     2
  Evoke: Wand              |       |     2 ||     2
 Armour: Robe              |    14 |     7 ||    21
  Dodge: Dodged            |    25 |     7 ||    32
